 Dungeon Crawl Stone Soup version 0.31-a0-844-gdc52ec4e09 (webtiles) character file.

Game seed: 10311568463086899526

1882 TheScarfBastard the Cleaver (level 8, 0/71 HPs)
             Began as a Minotaur Berserker on Sept 30, 2023.
             Was a High Priest of Trog.
             Slain by a black bear (2 damage)
             ... on level 5 of the Dungeon.
             The game lasted 00:12:35 (4402 turns).

TheScarfBastard the Cleaver (Minotaur Berserker)    Turns: 4402, Time: 00:12:36

Health: 0/71       AC: 10    Str: 24    XL:     8   Next: 92%
Magic:  7/7        EV: 18    Int:  4    God:    Trog [*****.]
Gold:   277        SH:  0    Dex: 16    Spells: 7/7 levels left

rFire   . . .        a - +0 hand axe
rCold   . . .        (no shield)
rNeg    . . .        u - +0 scale mail
rPois   .            (helmet restricted)
rElec   .            s - +2 cloak
rCorr   .            (no gloves)
SInv    .            (no boots)
Will    .....        (no amulet)
Stlth   +            c - +5 ring of evasion
HPRegen 0.31/turn    h - +6 ring of dexterity
MPRegen 0.10/turn

%: no passive effects
@: on berserk cooldown, slowed, studying Ranged Weapons, very slow
A: horns 2, retaliatory headbutt
a: Renounce Religion, Berserk, Trog's Hand, Brothers in Arms


You were on level 5 of the Dungeon.
You worshipped Trog.
Trog was extremely pleased with you.
You visited 1 branch of the dungeon, and saw 5 of its levels.
You also visited: Sewer.

You collected 277 gold pieces.

Inventory:

Hand Weapons
 a - a +0 hand axe (weapon)
 p - a +2 vampiric halberd
Armour
 b - a +1 animal skin
 s - a +2 cloak (worn)
 t - a +0 ring mail
 u - a +0 scale mail (worn)
Jewellery
 c - a +5 ring of evasion (left hand)
 h - a +6 ring of dexterity (right hand)
 i - a ring of magical power
Talismans
 l - a beast talisman
 v - a maw talisman
Wands
 o - a wand of iceblast (7)
Scrolls
 g - a scroll of vulnerability
 w - a scroll of noise {unknown}
Potions
 e - a potion of invisibility {unknown}
 f - a potion of curing {unknown}
 j - a potion of lignification {unknown}
 k - a potion of haste {unknown}
 m - a potion of attraction {unknown}
 n - a potion of berserk rage
 q - a potion of heal wounds {unknown}


   Skills:
 + Level 6.8 Fighting
 + Level 10.2 Axes
 + Level 3.5 Armour
 + Level 6.6 Dodging
 + Level 2.4 Stealth


You had 7 spell levels left.
You didn't know any spells.
Your spell library was empty.

Dungeon Overview and Level Annotations

Branches:
Dungeon (5/15)              Sewer (visited)
 Temple: D:4-7

Altars:
Cheibriados
Nemelex Xobeh
Qazlal
Sif Muna
Vehumet

Shops:
D:5 **


Innate Abilities, Weirdness & Mutations

You have a pair of horns on your head.
You reflexively headbutt those who attack you in melee.


Message History

The scorpion stings you but does no damage.
You barely miss the scorpion. You headbutt the scorpion.
The scorpion is almost dead.
The scorpion closely misses you.
You hit the scorpion. You headbutt the scorpion.
You kill the scorpion!
Trog accepts your kill.
You hit the black bear.
The black bear is heavily wounded.
The black bear barely misses you. The black bear misses you.
The black bear claws you.
* * * LOW HITPOINT WARNING * * *
You hit the black bear.
The black bear is severely wounded.
The black bear bites you.
* * * LOW HITPOINT WARNING * * *
The black bear claws you but does no damage. x2
You hit the black bear but do no damage.
The black bear is severely wounded.
The black bear bites you but does no damage.
The black bear closely misses you.
The black bear claws you but does no damage.
You slash the black bear!
The black bear is almost dead.
The black bear goes berserk!
You hit the black bear but do no damage.
Your headbutt misses the black bear.
The black bear is almost dead.
The black bear bites you!
* * * LOW HITPOINT WARNING * * *
The black bear claws you but does no damage.
The black bear completely misses you. The black bear closely misses you.
The black bear misses you.
The black bear claws you but does no damage.
You closely miss the black bear.
The black bear is almost dead.
The black bear bites you.
* * * LOW HITPOINT WARNING * * *
The black bear claws you.
You die...

#....#...... ......#.
#.......... .......##
#)).....?. .).##..#......
#ยง))...#+###+#
......##.....
##.)..##.....# .....#.....#
#....##.###.# ##...........
####.##.....###..#.........
#..'.._..'..............
####..h@.#...##.........
#.###.#..............
#.....#.#....##..=..>
#+###+#.###...##.#... ..#
##..##.##.. #### ##########


You could see a black bear (berserk).

Vanquished Creatures
  A troll (D:5)
  Pargi (Sewer)
  An ogre (D:4)
  A centaur (D:4)
  2 phantoms
  A kobold brigand (D:4)
  A bullfrog (D:4)
  4 scorpions
  2 howler monkeys
  A jelly (D:5)
  A gnoll bouda (D:4)
  2 hounds (D:4)
  2 orc priests (D:4)
  An iguana (D:5)
  5 orc wizards
  8 adders
  23 gnolls (D:4)
  5 worms (D:2)
  8 dart slugs
  37 orcs
  11 bats
  9 endoplasms
  6 giant cockroaches
  7 hobgoblins
  15 jackals
  6 quokkas
  8 ball pythons
  A frilled lizard (D:1)
  11 goblins
  5 kobolds
  5 rats
191 creatures vanquished.

Notes
Turn   | Place    | Note
-------+----------+-------------------------------------------
     0 | D:1      | TheScarfBastard the Minotaur Berserker began the quest for
                  | the Orb.
     0 | D:1      | Reached XP level 1. HP: 19/19 MP: 0/0
   223 | D:1      | Reached XP level 2. HP: 23/27 MP: 1/1
   286 | D:1      | Reached skill level 4 in Axes
  1136 | D:2      | Reached XP level 3. HP: 33/33 MP: 2/2
  1230 | D:2      | Reached ** piety under Trog
  1556 | D:2      | Found a faded altar of an unknown god.
  1563 | D:2      | Reached XP level 4. HP: 41/41 MP: 3/3
  2022 | D:3      | Reached skill level 5 in Axes
  2235 | D:3      | Reached *** piety under Trog
  2472 | D:4      | Noticed a bullfrog
  2482 | D:4      | Reached XP level 5. HP: 46/47 MP: 4/4
  2585 | D:4      | Found a glowing drain.
  2603 | Sewer    | Entered a sewer
  2611 | Sewer    | Reached skill level 5 in Fighting
  2638 | Sewer    | Noticed Pargi
  2645 | Sewer    | Killed Pargi
  2646 | Sewer    | Reached skill level 6 in Axes
  2646 | Sewer    | Reached XP level 6. HP: 56/56 MP: 5/5
  2703 | D:4      | Found a stormy altar of Qazlal.
  2868 | D:4      | Reached skill level 1 in Stealth
  2959 | D:4      | Reached skill level 7 in Axes
  2988 | D:4      | Reached XP level 7. HP: 53/61 MP: 6/6
  3115 | D:4      | Reached **** piety under Trog
  3470 | D:4      | Reached skill level 8 in Axes
  3470 | D:4      | Reached skill level 5 in Dodging
  3619 | D:4      | Reached XP level 8. HP: 55/70 MP: 7/7
  3885 | D:4      | Reached skill level 9 in Axes
  4145 | D:5      | Entered Level 5 of the Dungeon
  4166 | D:5      | Found Abbequip's General Store.
  4172 | D:5      | Found Saga Tocwo's Specific Store.
  4262 | D:5      | Found a snail-covered altar of Cheibriados.
  4292 | D:5      | Found a radiant altar of Vehumet.
  4292 | D:5      | Found a sparkling altar of Nemelex Xobeh.
  4332 | D:5      | Found a shimmering blue altar of Sif Muna.
  4361 | D:5      | Noticed a troll
  4373 | D:5      | Killed a troll
  4374 | D:5      | Reached skill level 10 in Axes
  4380 | D:5      | Reached ***** piety under Trog
  4402 | D:5      | HP: 2/71 [black bear (3)]
  4402 | D:5      | Slain by a black bear

Illustrated notes

Levels and vault maps discovered:
D:1:      eino_arrival_water_star, layout_loops_corners, dk_noncrumbling_4
D:2:      layout_rooms, serial_corexii_hall, chequers_hall_statues_wall_a,
          chequers_hall_statues_corner_a, shapermc_ecumenical_altar_mp_highgroup
D:3:      layout_loops_ring
D:4:      lemuel_castle_with_subvaults [lemuel_castle_interior_carwin_1],
          layout_loops_corners, mainiacjoe_overflow_cross_hatched,
          portal_sewer_entry_f, serial_shops,
          nicolae_shop_pleasant_corner_grove, minmay_manual_monstrance
D:5:      layout_cave_pools, mainiacjoe_overflow_six_doors_small,
          kennysheep_slug_shrine, gammafunk_temple_overflow_wave,
          minmay_temple_entry_statues_fountains, nicolae_specific_store,
          minmay_small_thing

Skill      XL: |  1  2  3  4  5  6  7  8 |
---------------+-------------------------+-----
Fighting       | 4 5 6 |  6.8
Axes           | 4 5 6 7 8 10 | 10.2
Dodging        | 3 4 5 6 |  6.6
Stealth        | 1 2 |  2.4
Armour         | 3 |  3.5

Action                     |  1- 3 |  4- 6 |  7- 9 || total
---------------------------+-------+-------+-------++-------
  Melee: Hand axe          |    90 |   110 |   177 ||   377
         Headbutt          |     8 |    20 |    50 ||    78
         Punch             |     1 |       |     3 ||     4
 Invoke: Berserk           |     1 |     4 |     3 ||     8
    Use: Scroll            |     1 |     4 |     4 ||     9
   Stab: Distracted        |       |       |     1 ||     1
 Armour: Animal skin       |    28 |    47 |    37 ||   112
         Scale mail        |       |       |    54 ||    54
         Ring mail         |       |       |     5 ||     5
  Dodge: Dodged            |    99 |   111 |   187 ||   397

Table legend: (Time is in decaauts)
 A = Elapsed time spent in this place.
 B = Non-inter-level travel time spent in this place.
 C = Inter-level travel time spent in this place.
 D = Time resting spent in this place.
 E = Time spent auto-exploring this place.
 F = Levels seen in this place.
 G = Mean time per level.
                   A        B        C        D        E       F      G
               +--------+--------+--------+--------+--------+-----+--------+
         Total |   4477 |   4339 |    138 |      0 |   2575 |   6 |  746.2 |
       Dungeon |   4378 |   4240 |    138 |      0 |   2563 |   5 |  875.6 |
         Sewer |     99 |     99 |      0 |      0 |     12 |   1 |   99.0 |
               +--------+--------+--------+--------+--------+-----+--------+

Top non-repeatable levels by time:
     D:4: 1623 daAuts
     D:1: 1014 daAuts
     D:2: 782 daAuts
     D:3: 695 daAuts
     D:5: 261 daAuts
   Sewer: 99 daAuts
